 Dungeon Crawl Stone Soup version 0.26.1-2-gb8aa6d0cf2 (webtiles) character file.

Game seed: 484113600546952778

136 DasRunzen the Conjurer (level 4, -11/35 HPs)
             Began as a Demigod Conjurer on Feb 11, 2021.
             Mangled by a two-headed ogre
             ... wielding a +0 giant club
              (17 damage)
             ... on level 4 of the Dungeon.
             The game lasted 00:05:01 (3367 turns).

DasRunzen the Conjurer (Demigod Conjurer)           Turns: 3367, Time: 00:05:02

Health: -11/35     AC:  4    Str: 12    XL:     4   Next: 67%
Magic:  3/10       EV: 13    Int: 22    God:
Gold:   151        SH:  0    Dex: 14    Spells: 4/7 levels left

rFire    + . .     SeeInvis .   b - +0 dagger
rCold    . . .     Faith    .   (no shield)
rNeg     . . .     Spirit   .   i - +2 robe {rF+}
rPois    .         Reflect  .   (no helmet)
rElec    .         Harm     .   (no cloak)
rCorr    .         Rampage  .   (no gloves)
Will     .....                  (no boots)
Stlth    ++........             (no amulet)
HPRegen  0.11/turn              (no ring)
MPRegen  0.12/turn              (no ring)

@: no status effects
A: high mp 1
a: no special abilities


You were on level 4 of the Dungeon.
You visited 1 branch of the dungeon, and saw 4 of its levels.

You collected 151 gold pieces.

Inventory:

Hand Weapons
 b - a +0 dagger (weapon)
Armour
 i - a +2 robe of fire resistance (worn)
Wands
 e - a wand of flame (18)
 m - a wand of paralysis (8)
Scrolls
 g - a scroll of enchant armour
Potions
 a - a potion of magic
 c - a potion of curing
 d - a potion of berserk rage
 f - 3 potions of heal wounds
 h - a potion of invisibility


   Skills:
 + Level 1.6 Fighting
 + Level 1.6 Armour
 + Level 2.6 Dodging
 - Level 1.7 Stealth
 + Level 2.4 Spellcasting
 + Level 4.1 Conjurations


You had 4 spell levels left.
You knew the following spells:

 Your Spells              Type           Power        Failure   Level
a - Magic Dart            Conj           80%          2%          1
b - Searing Ray           Conj           40%          3%          2

Your spell library contained the following spells:

 Spells                   Type           Power        Failure   Level
 Dazzling Flash           Conj/Hex       22%          17%         3
 Fulminant Prism          Conj/Hex       5%           50%         4
 Iskenderun's Mystic Bla  Conj/Tloc      11%          50%         4


Dungeon Overview and Level Annotations

Branches:
Dungeon (4/15)
 Temple: D:4-7


Innate Abilities, Weirdness & Mutations

You have an increased reservoir of magic. (+10% MP)


Message History

The searing ray hits the two-headed ogre.
The two-headed ogre is severely wounded.
You finish channeling your searing ray.
Found a stone staircase leading up.
Found a metallic dark potion.
You see here a metallic dark potion.
You hear the slow hiss of a very distant avalanche of sand.
Things that are here:
a +0 falchion; a +0 robe; a scroll of immolation You see here a metallic dark potion.
Casting: Searing Ray (safe; 3% risk of failure)
Confirm with . or Enter, or press ? or * to list all spells.
Aiming: Searing Ray (safe; 3% risk of failure)
Press: ? - help, Shift-Dir - straight line, f/p - two-headed ogre
Aim: a two-headed ogre, wielding two +0 giant clubs (heavily wounded, 11% to evade)
The searing ray hits the two-headed ogre!
The two-headed ogre is severely wounded. (Press . to maintain the ray.)
The two-headed ogre hits you with a +0 giant club!
You die...

########## .........#
.........# #####
.....<...# #...#
.........# #...#
.........# #######...#
.........# ##...@O....#
.........###..#####...#
....[....#...## #.<.#
####.##.<..### ####...#
..##.##..### ##....###
#.......## ###..####
####....#####...##
......#....)....#
###.....#######....#


You could see a two-headed ogre.

Vanquished Creatures
  Jessica (D:2)
  An iguana (D:4)
  An adder (D:2)
  An ooze (D:1)
  A worm (D:3)
  A dart slug (D:1)
  3 leopard geckos
  2 orcs (D:4)
  7 giant cockroaches
  8 goblins
  9 hobgoblins
  3 jackals (D:2)
  2 quokkas
  A ball python skeleton (D:4)
  4 bats
  2 frilled lizards (D:1)
  4 kobolds
  A quokka skeleton (D:4)
  8 rats
60 creatures vanquished.

Notes
Turn   | Place    | Note
-------+----------+-------------------------------------------
     0 | D:1      | DasRunzen the Demigod Conjurer began the quest for the Orb.
     0 | D:1      | Reached XP level 1. HP: 14/14 MP: 5/5
   318 | D:1      | Reached XP level 2. HP: 22/22 MP: 4/7
   321 | D:1      | Learned a level 2 spell: Searing Ray
  1198 | D:2      | Reached skill level 1 in Fighting
  1265 | D:2      | Reached XP level 3. HP: 28/28 MP: 6/8
  1425 | D:2      | Reached skill level 1 in Armour
  2083 | D:2      | Noticed Jessica
  2085 | D:2      | Killed Jessica
  2086 | D:2      | Reached XP level 4. HP: 20/35 MP: 5/10
  2287 | D:2      | Reached skill level 4 in Conjurations
  2571 | D:3      | Found a faded altar of an unknown god.
  3310 | D:4      | Noticed a two-headed ogre
  3325 | D:4      | HP: 1/35 [two-headed ogre/+0 giant club (22)]
  3367 | D:4      | Mangled by a two-headed ogre

Illustrated notes

Levels and vault maps discovered:
D:1:      sevenhm_arrival_forest_fort_large_4, layout_basic, minmay_tromino_v4_c
D:2:      layout_basic, moated_statue, uniq_jessica
D:3:      layout_basic, chequers_ecumenical_altar_simple_redux
D:4:      layout_rooms, nicolae_ossuary_entry_plus

Skill      XL: |  1  2  3  4 |
---------------+-------------+-----
Dodging        | 2 |  2.6
Spellcasting   | 2 |  2.4
Fighting       | 1 |  1.6
Armour         | 1 |  1.6
Conjurations   | 4 |  4.1
Stealth        | |  1.7

Action                   |  1- 3 |  4- 6 || total
-------------------------+-------+-------++-------
Melee: Dagger            |    25 |    45 ||    70
 Cast: Magic Dart        |    79 |    16 ||    95
       Searing Ray       |     1 |     5 ||     6
  Use: Scroll            |     6 |     5 ||    11
 Stab: Sleeping          |       |     2 ||     2
Armor: Robe              |    13 |    11 ||    24
Dodge: Dodged            |    16 |    33 ||    49
